 Dungeon Sprint DCSS version 0.30-a0-847-g17996783a1 (webtiles) character file.

Game seed: 9730890931351274084

9400000 BigDaddyOpFi the Intangible (level 27, -77/228 HPs)
             Began as a Djinni Warper on Mar 3, 2023.
             Was the Champion of Makhleb.
             Annihilated by a meat berserker
             ... wielding a +9 battleaxe
              (97 damage)
             ... in the Dungeon (Sprint VIII: "Arena of Blood").
             The game lasted 00:02:18 (94 turns).

BigDaddyOpFi the Intangible (Djinni Warper)           Turns: 94, Time: 00:02:18

Health: -77/228    AC:  6    Str: 10    XL:     27
Gold:   0          EV: 36    Int: 17    God:    Makhleb [******] SH:  0 Dex: 25

rFire   + + .      SeeInvis .    h - +∞ Axe of Woe
rCold   x . .      Faith    .    (shield currently unavailable)
rNeg    . . .      Spirit   .    a - +0 leather armour
rPois   ∞          Reflect  .    (no helmet)
rElec   .          Rampage  .    (no cloak)
rCorr   .          NoTele   +    (no gloves)
Will    ++...                    (boots unavailable)
Stlth   ++++++++++               (no amulet)
HPRegen 0.58/turn                (no ring)
MPRegen 0.00/turn                (no ring)

@: flying
A: sickness immunity, fire resistance 2, cold vulnerability 1, float, innate
caster, HP casting, extra vitality 1
a: Renounce Religion, Minor Destruction, Lesser Servant of Makhleb, Major
Destruction, Greater Servant of Makhleb


You were in the Dungeon.
You worshipped Makhleb.
Makhleb was exalted by your worship.
You visited 1 branch

Inventory:

Hand Weapons
 h - the +∞ Axe of Woe (weapon)
   (You found it in the Dungeon)
Missiles
 c - 7 boomerangs of dispersal (quivered)
Armour
 a - a +0 leather armour (worn)
Scrolls
 b - 2 scrolls of blinking
Potions
 d - a potion of curing
 e - a potion of heal wounds
 f - a potion of haste
 g - a potion of berserk rage


   Skills:
 O Level 27 Fighting
 O Level 27 Short Blades
 O Level 27 Long Blades
 O Level 27 Axes
 O Level 27 Maces & Flails
 O Level 27 Polearms
 O Level 27 Staves
 O Level 27 Ranged Weapons
 O Level 27 Throwing
 O Level 27 Armour
 O Level 27 Dodging
 O Level 27 Stealth
 O Level 27 Shields
 O Level 27 Unarmed Combat
 O Level 27 Spellcasting
 O Level 27 Invocations
 O Level 27 Evocations


You knew the following spells:

 Your Spells              Type           Power      Damage    Failure   Level
a - Blink                 Tloc           100%       N/A       0%          2
b - Lesser Beckoning      Tloc           100%       N/A       0%          2
c - Vhi's Electric Charg  Tloc/Air       100%       N/A       0%          3
d - Teleport Other        Tloc           86%        N/A       0%          3
e - Manifold Assault      Tloc           86%        N/A       0%          4
f - Magic Dart            Conj           100%       1d8       0%          1
g - Passwall              Tmut/Erth      71%        N/A       0%          2
h - Ignite Poison         Fire/Tmut/Pois 86%        N/A       0%          3
i - Hailstorm             Conj/Ice       86%        3d17      0%          3
j - Animate Armour        Summ/Erth      100%       N/A       0%          4
k - Lee's Rapid Deconstr  Erth           43%        3d21*     0%          5
l - Eringya's Noxious Bo  Tmut/Pois      43%        N/A       0%          6
m - Spellforged Servitor  Conj/Summ      43%        N/A       1%          7
n - Storm Form            Tmut/Air       43%        N/A       1%          7
o - Summon Hydra          Summ           43%        N/A       1%          7
p - Lehudib's Crystal Sp  Conj/Erth      43%        10d10     1%          8
q - Chain Lightning       Conj/Air       43%        3d57      2%          9
r - Dragon's Call         Summ           43%        N/A       2%          9
Your spell library was empty.

Dungeon Overview and Level Annotations

Branches:
Dungeon (1/1)

Altars:
Makhleb


Innate Abilities, Weirdness & Mutations

You are immune to sickness and miasma.
You are immune to poison.
Your flesh is very heat resistant. (rF++)
You are vulnerable to cold. (rC-)
You float through the air rather than walking.
You learn spells naturally, not from books.
Your magical power is your life essence.
You have superior vitality. (+4 MHP)


Message History

You slice the large abomination!!
You butcher the large abomination messily.
You destroy the large abomination!
The large abomination disappears in a puff of smoke!
You slash the meat berserker!
You pulverise the meat berserker into a thin bloody mist.
You kill the meat berserker!
Makhleb accepts your kill.
You slash the bag of meat!
You hew the bag of meat savagely.
You kill the bag of meat!
Makhleb accepts your kill.
You feel better.
You slash the large abomination!
You slaughter the large abomination joyfully.
You destroy the large abomination!
The large abomination disappears in a puff of smoke!
The tentacled monstrosity disappears in a puff of smoke!
The meat berserker rages.
You hear a shout! x4
The destroyer gestures at you while chanting.
The destroyer blinks!
The accursed gestures at you while chanting.
Something smites you!
A bag of meat comes into view. It is wielding a +9 war axe.
You hear a shout!
A dread comes into view.
The eight-headed meat hydra calls on the powers of darkness!
The eight-headed meat hydra convulses!
The meat berserker convulses!
Something is bathed in an unholy light!
Your body is wracked with pain!
* * * LOW HITPOINT WARNING * * *
The bag of meat convulses!
The eight-headed meat hydra convulses!
The bag of meat convulses! x9; The meat berserker convulses!
The dread calls on the powers of darkness!
The bag of meat convulses! x6; The meat berserker convulses!
The bag of meat convulses!
Your body is wracked with pain!
* * * LOW HITPOINT WARNING * * *
Something is bathed in an unholy light!
The eight-headed meat hydra convulses!
The bag of meat convulses! x4
You hear an explosion!
The meat berserker hits you with a +9 battleaxe!!!!
You die...

.o.o.#........_.....
..V#.oL.{.V#.))).# .
##.D..o.....#_§☼§_# ...
...o#.OL§§§)#.○)))#.....
.....O#.§°O.O)○○§)..O...
...ooo§)§§§.O.###)......
.o...o2o°###)§D....###..
.o...§)z§§.#§§.....# .
.....D§@§..#.......#
..#....LO..........W.
#D#.#V..............
.#.#....zX..........
#M#.#ooXWM......2.O# ..
.#oLoo.#.... . ..
...o...... #.
...oW##.#..


You could see 2 accurseds, 2 tentacled monstrosities, a meat beast (fast), 4
tyrants, 3 eight-headed meat hydras, 3 destroyers, 2 sculptors of flesh, 2
dreads, 4 meat berserkers and 17 bags of meat.

Vanquished Creatures
  7 hell beasts (D)
  3 royal mummies (D)
  A great orb of eyes (D)
  3 wraiths (D)
  Harold (D)
  13 vampire knights (D)
  32 ogres (D)
  10 two-headed ogres (D)
  5 liches (D)
  A hydra (D)
  A phantom (D)
  51 orcs (D)
  4 skeletal warriors (D)
132 creatures vanquished.

Vanquished Creatures (others)
  2 two-headed ogres (D)
  2 orcs (D)
4 creatures vanquished.

Grand Total: 136 creatures vanquished

Notes
Turn   | Place    | Note
-------+----------+-------------------------------------------
     0 | D        | Found the +∞ Axe of Woe
     0 | D        | BigDaddyOpFi the Djinni Warper began the quest for the Orb.
     0 | D        | BigDaddyOpFi set off with the following spells memorised:
                  | Blink, Lesser Beckoning, Vhi's Electric Charge, Teleport
                  | Other, Manifold Assault.
     0 | D        | Reached XP level 1. HP: 18/18 MP: 0/0
     3 | D        | Noticed a bag of meat
     4 | D        | Became a worshipper of Makhleb the Destroyer
     4 | D        | Noticed a meat berserker
     5 | D        | Noticed a bag of meat
     7 | D        | Noticed a bag of meat
     7 | D        | Noticed a bag of meat
     9 | D        | Killed a meat berserker
    10 | D        | Reached skill level 10 in Fighting
    10 | D        | Reached skill level 10 in Armour
    10 | D        | Reached skill level 10 in Unarmed Combat
    10 | D        | Reached skill level 10 in Invocations
    10 | D        | Reached XP level 2. HP: 36/36 MP: 0/0
    10 | D        | Reached XP level 3. HP: 41/41 MP: 0/0
    10 | D        | Learned a level 1 spell: Magic Dart
    10 | D        | Reached XP level 4. HP: 48/48 MP: 0/0
    10 | D        | Reached XP level 5. HP: 52/52 MP: 0/0
    10 | D        | Learned a level 2 spell: Passwall
    10 | D        | Reached XP level 6. HP: 58/58 MP: 0/0
    10 | D        | Reached XP level 7. HP: 64/64 MP: 0/0
    10 | D        | Learned a level 3 spell: Ignite Poison
    10 | D        | Reached XP level 8. HP: 70/70 MP: 0/0
    10 | D        | Reached XP level 9. HP: 75/75 MP: 0/0
    10 | D        | Learned a level 3 spell: Hailstorm
    10 | D        | Reached XP level 10. HP: 81/81 MP: 0/0
    10 | D        | Reached XP level 11. HP: 86/86 MP: 0/0
    10 | D        | Learned a level 4 spell: Animate Armour
    10 | D        | Reached XP level 12. HP: 93/93 MP: 0/0
    10 | D        | Killed a bag of meat
    10 | D        | Reached * piety under Makhleb
    10 | D        | Noticed a bag of meat
    10 | D        | Noticed a meat berserker
    11 | D        | Reached skill level 10 in Stealth
    11 | D        | Reached XP level 13. HP: 99/99 MP: 0/0
    11 | D        | Learned a level 5 spell: Lee's Rapid Deconstruction
    11 | D        | Killed a bag of meat
    11 | D        | Noticed a bag of meat
    11 | D        | Noticed a bag of meat
    11 | D        | Noticed a meat berserker
    11 | D        | Noticed a bag of meat
    12 | D        | Reached skill level 10 in Axes
    12 | D        | Reached skill level 10 in Throwing
    12 | D        | Killed a bag of meat
    12 | D        | Noticed a bag of meat
    12 | D        | Noticed a meat berserker
    13 | D        | Reached skill level 10 in Spellcasting
    13 | D        | Reached XP level 14. HP: 88/108 MP: 0/0
    13 | D        | Killed a bag of meat
    13 | D        | Reached ** piety under Makhleb
    13 | D        | Noticed a bag of meat
    13 | D        | Noticed a meat berserker
    13 | D        | Noticed a meat berserker
    13 | D        | Noticed a bag of meat
    13 | D        | Noticed a bag of meat
    14 | D        | Killed a bag of meat
    14 | D        | Killed a meat berserker
    14 | D        | Noticed a bag of meat
    14 | D        | Noticed a bag of meat
    15 | D        | Reached skill level 15 in Dodging
    15 | D        | Reached XP level 15. HP: 36/118 MP: 0/0
    15 | D        | Learned a level 6 spell: Eringya's Noxious Bog
    15 | D        | Killed a meat berserker
    15 | D        | Reached *** piety under Makhleb
    15 | D        | Noticed a meat berserker
    16 | D        | Reached skill level 15 in Armour
    16 | D        | Reached skill level 15 in Unarmed Combat
    16 | D        | Reached skill level 15 in Invocations
    16 | D        | Reached XP level 16. HP: 98/128 MP: 0/0
    16 | D        | Killed a meat berserker
    16 | D        | Reached **** piety under Makhleb
    16 | D        | Noticed a large bag of meat
    17 | D        | Reached skill level 15 in Stealth
    17 | D        | Killed a meat berserker
    17 | D        | Killed a meat berserker
    17 | D        | Reached ***** piety under Makhleb
    18 | D        | Reached skill level 15 in Axes
    18 | D        | Reached skill level 15 in Throwing
    18 | D        | Reached XP level 17. HP: 139/139 MP: 0/0
    18 | D        | Learned a level 7 spell: Spellforged Servitor
    18 | D        | Noticed a meat berserker
    18 | D        | Noticed a meat berserker
    19 | D        | Killed a meat berserker
    20 | D        | Reached skill level 15 in Spellcasting
    20 | D        | Reached XP level 18. HP: 149/149 MP: 0/0
    20 | D        | Noticed a meat berserker
    22 | D        | Reached XP level 19. HP: 86/158 MP: 0/0
    22 | D        | Learned a level 7 spell: Storm Form
    22 | D        | Killed a meat berserker
    22 | D        | Reached ****** piety under Makhleb
    22 | D        | Killed a large bag of meat
    23 | D        | Killed a meat berserker
    24 | D        | Reached XP level 20. HP: 133/169 MP: 0/0
    25 | D        | Noticed a large bag of meat
    25 | D        | Killed a meat berserker
    25 | D        | Noticed a meat berserker
    26 | D        | Killed a large bag of meat
    26 | D        | Noticed a meat berserker
    28 | D        | Noticed a meat berserker
    29 | D        | Noticed a large bag of meat
    30 | D        | Noticed a destroyer
    30 | D        | Noticed a destroyer
    31 | D        | Killed a meat berserker
    31 | D        | Killed a meat berserker
    31 | D        | Noticed a meat berserker
    32 | D        | Reached XP level 21. HP: 174/180 MP: 0/0
    32 | D        | Learned a level 7 spell: Summon Hydra
    32 | D        | Killed a destroyer
    33 | D        | Reached skill level 27 in Dodging
    33 | D        | Noticed a destroyer
    33 | D        | Killed a meat berserker
    33 | D        | Noticed a destroyer
    35 | D        | Killed a destroyer
    36 | D        | Reached XP level 22. HP: 176/192 MP: 0/0
    36 | D        | Killed a meat berserker
    38 | D        | Noticed a meat berserker
    39 | D        | Reached skill level 27 in Fighting
    39 | D        | Reached skill level 27 in Unarmed Combat
    39 | D        | Killed a destroyer
    39 | D        | Noticed a destroyer
    40 | D        | Reached skill level 27 in Armour
    40 | D        | Reached skill level 27 in Invocations
    41 | D        | Killed a destroyer
    42 | D        | Reached XP level 23. HP: 201/201 MP: 0/0
    42 | D        | Learned a level 8 spell: Lehudib's Crystal Spear
    42 | D        | Noticed a destroyer
    43 | D        | Killed a large bag of meat
    43 | D        | Noticed a large bag of meat
    44 | D        | Reached skill level 27 in Stealth
    44 | D        | Killed a destroyer
    44 | D        | Killed a destroyer
    44 | D        | Noticed a destroyer
    44 | D        | Noticed a destroyer
    45 | D        | Reached skill level 27 in Axes
    45 | D        | Reached skill level 27 in Throwing
    45 | D        | Reached skill level 27 in Spellcasting
    45 | D        | Reached skill level 10 in Maces & Flails
    45 | D        | Reached skill level 10 in Polearms
    45 | D        | Reached XP level 24. HP: 203/208 MP: 0/0
    45 | D        | Noticed a tyrant
    46 | D        | Noticed a tyrant
    49 | D        | Killed a tyrant
    49 | D        | Killed a destroyer
    50 | D        | Noticed an accursed
    50 | D        | Noticed a large bag of meat
    50 | D        | Noticed a destroyer
    51 | D        | Killed a large bag of meat
    51 | D        | Noticed a large bag of meat
    52 | D        | Noticed a destroyer
    52 | D        | Noticed a tyrant
    52 | D        | Killed a destroyer
    52 | D        | Noticed The Servant
    53 | D        | Reached XP level 25. HP: 211/214 MP: 0/0
    53 | D        | Learned a level 9 spell: Chain Lightning
    53 | D        | Killed a destroyer
    54 | D        | Noticed a destroyer
    55 | D        | Reached skill level 27 in Maces & Flails
    55 | D        | Reached skill level 27 in Polearms
    55 | D        | Killed a tyrant
    56 | D        | Reached XP level 26. HP: 219/221 MP: 0/0
    56 | D        | Killed an accursed
    57 | D        | Reached skill level 27 in Staves
    57 | D        | Noticed a dread
    57 | D        | Killed a destroyer
    57 | D        | Killed a destroyer
    58 | D        | Reached XP level 27. HP: 115/228 MP: 0/0
    58 | D        | Learned a level 9 spell: Dragon's Call
    58 | D        | Killed a large bag of meat
    59 | D        | Noticed a tyrant
    61 | D        | Killed a large bag of meat
    61 | D        | Killed a tyrant
    61 | D        | Noticed a tyrant
    62 | D        | Noticed a meat beast
    63 | D        | Noticed a large bag of meat
    63 | D        | Killed The Servant
    64 | D        | Noticed a dread
    65 | D        | Killed a meat beast
    66 | D        | Noticed a destroyer
    66 | D        | Killed a dread
    66 | D        | Killed a tyrant
    67 | D        | Reached skill level 27 in Shields
    67 | D        | Reached skill level 27 in Evocations
    67 | D        | Noticed a large bag of meat
    68 | D        | Reached skill level 27 in Short Blades
    68 | D        | Reached skill level 27 in Long Blades
    69 | D        | Killed a destroyer
    70 | D        | Reached skill level 27 in Ranged Weapons
    72 | D        | Killed a tyrant
    72 | D        | Noticed a large bag of meat
    74 | D        | Noticed a large bag of meat
    74 | D        | Noticed a destroyer
    74 | D        | Noticed an accursed
    74 | D        | Killed a dread
    74 | D        | Noticed a dread
    75 | D        | Noticed a meat beast
    76 | D        | Killed a meat beast
    79 | D        | Killed a large bag of meat
    82 | D        | Killed a dread
    82 | D        | Noticed a dread
    83 | D        | Killed a large bag of meat
    84 | D        | Killed a destroyer
    85 | D        | Killed a large bag of meat
    86 | D        | Noticed a meat beast
    87 | D        | Noticed a meat beast
    87 | D        | Noticed a meat beast
    87 | D        | Noticed a tyrant
    87 | D        | Noticed a meat beast
    87 | D        | Noticed an accursed
    87 | D        | Noticed a destroyer
    88 | D        | Noticed a meat beast
    88 | D        | Killed an accursed
    88 | D        | Noticed a destroyer
    89 | D        | Killed a meat beast
    89 | D        | Noticed a meat beast
    90 | D        | Noticed a large bag of meat
    90 | D        | Noticed a tyrant
    90 | D        | Killed an accursed
    91 | D        | Noticed a destroyer
    91 | D        | Noticed a tyrant
    91 | D        | Killed a meat beast
    91 | D        | Killed a large bag of meat
    91 | D        | Noticed a dread
    92 | D        | Killed a meat beast
    92 | D        | Killed a meat beast
    92 | D        | Noticed an accursed
    93 | D        | Killed a meat beast
    93 | D        | Killed a large bag of meat
    93 | D        | Noticed a meat beast
    94 | D        | Noticed a tyrant
    94 | D        | Noticed an accursed
    94 | D        | Noticed a destroyer
    94 | D        | Noticed a tyrant
    94 | D        | Noticed a dread
    94 | D        | Killed a large bag of meat
    94 | D        | Annihilated by a meat berserker

Illustrated notes

Levels and vault maps discovered:
D:        meatsprint

Skill      XL: |  1  2  3  4  5  6  7  8  9 10 11 12 13 14 15 16 17 18 19 20 21 22 23 24 25 26 27 |
---------------+----------------------------------------------------------------------------------+-----
Fighting       | 10 11 12 14 16 18 20 21 22 24 26 27 | 27.0
Axes           | 8 9 10 12 13 15 16 17 19 21 22 24 27 | 27.0
Throwing       | 8 9 10 12 13 15 16 17 19 21 22 24 27 | 27.0
Armour         | 10 11 12 14 15 18 19 20 22 24 26 27 | 27.0
Dodging        | 11 12 13 15 17 20 21 22 24 26 27 | 27.0
Stealth        | 9 10 11 13 14 17 18 19 20 22 24 26 27 | 27.0
Unarmed Combat | 10 11 12 14 15 18 19 20 22 24 26 27 | 27.0
Spellcasting   | 8 9 10 11 12 14 15 16 17 19 20 23 27 | 27.0
Invocations    | 10 11 12 14 15 18 19 20 22 24 26 27 | 27.0
Maces & Flails | 10 24 27 | 27.0
Polearms       | 10 24 27 | 27.0
Staves         | 22 27 | 27.0
Short Blades   | 14 27 | 27.0
Long Blades    | 14 27 | 27.0
Ranged Weapons | 13 27 | 27.0
Shields        | 16 27 | 27.0
Evocations     | 16 27 | 27.0

Action                     |  1- 3 |  4- 6 |  7- 9 | 10-12 | 13-15 | 16-18 | 19-21 | 22-24 | 25-27 || total
---------------------------+-------+-------+-------+-------+-------+-------+-------+-------+-------++-------
  Melee: Executioner's axe |     1 |       |       |     1 |     5 |     6 |    10 |    11 |    41 ||    75
   Cast: Summon Hydra      |       |       |       |       |       |       |       |     1 |       ||     1
         Vhi's Electric Ch |       |       |       |       |       |       |       |       |     8 ||     8
 Armour: Leather armour    |       |       |       |       |       |       |       |       |     1 ||     1
  Dodge: Dodged            |     1 |       |       |       |       |       |     1 |       |       ||     2

Table legend: (Time is in decaauts)
 A = Elapsed time spent in this place.
 B = Non-inter-level travel time spent in this place.
 C = Inter-level travel time spent in this place.
 D = Time resting spent in this place.
 E = Time spent auto-exploring this place.
 F = Levels seen in this place.
 G = Mean time per level.
                   A        B        C        D        E       F      G
               +--------+--------+--------+--------+--------+-----+--------+
         Total |     83 |     83 |      0 |      0 |      0 |   1 |   83.0 |
       Dungeon |     83 |     83 |      0 |      0 |      0 |   1 |   83.0 |
               +--------+--------+--------+--------+--------+-----+--------+

Top non-repeatable levels by time:
       D: 83 daAuts
